 Dungeon Crawl Stone Soup version 0.27-a0-808-g60bc5d92e6 (webtiles) character file.

Game seed: 16673880341254456628

32 harryhousin the Insei (level 3, -2/28 HPs)
             Began as a Gnoll Wanderer on Mar 28, 2021.
             Succumbed to an adder's poison
             ... on level 2 of the Dungeon.
             The game lasted 00:05:32 (1659 turns).

harryhousin the Insei (Gnoll Wanderer)              Turns: 1659, Time: 00:05:33

Health: -2/28      AC:  8    Str: 11    XL:     3   Next: 25%
Magic:  4/4        EV:  5    Int: 12    God:
Gold:   41         SH:  5    Dex: 11    Spells: 3/3 levels left

rFire    . . .     SeeInvis .   n - +0 hand axe
rCold    . . .     Faith    .   e - +0 buckler
rNeg     . . .     Spirit   .   h - +0 chain mail
rPois    .         Reflect  .   (no helmet)
rElec    .         Harm     .   (no cloak)
rCorr    .         Rampage  .   (no gloves)
Will     .....                  (no boots)
Stlth    ..........             (no amulet)
HPRegen  0.09/turn              (no ring)
MPRegen  0.09/turn              (no ring)

@: lethally poisoned (-2 -> -19)
A: fangs 1, strong nose, distributed training
a: no special abilities


You were on level 2 of the Dungeon.
You visited 1 branch of the dungeon, and saw 2 of its levels.

You collected 41 gold pieces.

Inventory:

Hand Weapons
 c - a +0 hand crossbow
 n - a +0 hand axe (weapon)
Missiles
 d - 27 bolts
Armour
 e - a +0 buckler (worn)
 f - a +0 robe
 h - a +0 chain mail (worn)
Scrolls
 g - a scroll of enchant armour {unknown}
 i - a scroll of fog {unknown}
 j - a scroll of magic mapping {unknown}
 k - a scroll of noise {unknown}
Potions
 b - 2 potions of heal wounds
 l - a potion of might {unknown}


   Skills:
 + Level 2.6 Fighting
 + Level 0.7 Short Blades
 + Level 0.7 Long Blades
 + Level 0.7 Axes
 + Level 0.7 Maces & Flails
 + Level 0.7 Polearms
 + Level 0.7 Staves
 + Level 0.7 Slings
 + Level 2.6 Bows
 + Level 0.7 Crossbows
 + Level 0.7 Throwing
 + Level 2.6 Armour
 + Level 2.6 Dodging
 + Level 4.1 Stealth
 + Level 4.5 Shields
 + Level 4.5 Unarmed Combat
 + Level 0.7 Spellcasting
 + Level 0.5 Conjurations
 + Level 0.5 Hexes
 + Level 0.5 Summonings
 + Level 0.5 Necromancy
 + Level 0.5 Translocations
 + Level 0.5 Transmutations
 + Level 0.5 Fire Magic
 + Level 0.5 Ice Magic
 + Level 0.5 Air Magic
 + Level 0.5 Earth Magic
 + Level 0.5 Poison Magic
 + Level 0.9 Invocations
 + Level 0.7 Evocations


You had 3 spell levels left.
You didn't know any spells.
Your spell library was empty.

Dungeon Overview and Level Annotations

Branches:
Dungeon (2/15)

Altars:
Elyvilon
Yredelemnul


Innate Abilities, Weirdness & Mutations

You have very sharp teeth.
Your uncanny sense of smell can sniff out nearby items.
Your experience applies equally to all skills.


Message History

You block the adder's attack. The adder bites you.
You closely miss the adder.
The adder is moderately wounded.
You feel sick. The adder bites you. The adder barely misses you.
You hit the adder.
The adder is moderately wounded.
You feel sick. The adder bites you.
You are lethally poisoned!
The adder poisons you!
You barely miss the adder. Your bite misses the adder.
The adder is moderately wounded.
* * * LOW HITPOINT WARNING * * *
You feel very sick.
The adder bites you but does no damage. x2
You closely miss the adder.
The adder is moderately wounded.
* * * LOW HITPOINT WARNING * * *
You feel very sick. The adder barely misses you. x2
You closely miss the adder.
The adder is moderately wounded.
* * * LOW HITPOINT WARNING * * *
You feel sick. The adder bites you but does no damage.
The adder barely misses you.
You hit the adder. Your bite misses the adder.
The adder is heavily wounded.
* * * LOW HITPOINT WARNING * * *
You feel sick. The adder bites you but does no damage.
You barely miss the adder.
The adder is heavily wounded.
* * * LOW HITPOINT WARNING * * *
You feel sick. The adder bites you but does no damage. The adder bites you.
* * * LOW HITPOINT WARNING * * *
You are more poisoned.
The adder poisons you!
Unknown command.
Unknown command.
You miss the adder.
The adder is heavily wounded.
You die...

##..###..............
...........###.######
.............#.#
####..##.###.#.#
......##.##....#
.###...........# .#
#.###.##...##
.###.##..###.###########
.........#......@S......
≈..≈###..#.#.###########
#≈≈#...#.#.#.#
#≈≈#.⌠.#.....#
#≈≈#...#.#)###
≈≈≈≈###..#.#
≈≈≈≈≈....#.# ∆
≈≈≈≈≈...(#.#
≈≈≈≈###....#


You could see an adder.

Vanquished Creatures
  A dart slug (D:1)
  2 orcs (D:2)
  3 bats
  3 endoplasms (D:1)
  2 giant cockroaches
  2 goblins (D:1)
  A hobgoblin (D:1)
  4 kobolds
  A quokka (D:1)
  A ball python (D:2)
  A frilled lizard (D:1)
  2 rats (D:1)
23 creatures vanquished.

Notes
Turn   | Place    | Note
-------+----------+-------------------------------------------
     0 | D:1      | harryhousin the Gnoll Wanderer began the quest for the Orb.
     0 | D:1      | harryhousin set off with the following items: a +2 dagger,
                  | a potion of heal wounds, a +0 hand crossbow, 27 bolts, a +0
                  | buckler, a +0 robe
     0 | D:1      | Reached XP level 1. HP: 17/17 MP: 1/1
   376 | D:1      | Reached XP level 2. HP: 23/23 MP: 2/2
  1324 | D:2      | Reached XP level 3. HP: 24/28 MP: 3/3
  1524 | D:2      | Found a white marble altar of Elyvilon.
  1598 | D:2      | Found a basalt altar of Yredelemnul.
  1658 | D:2      | HP: 1/28 [adder (1)]
  1659 | D:2      | Succumbed to an adder's poison

Illustrated notes

Levels and vault maps discovered:
D:1:      dpeg_arrival_connections, layout_basic, serial_curves, eino_curves_03,
          eino_curves_01
D:2:      minmay_evil_eye, layout_loops_ring, kennysheep_ying_yang,
          fountainhead, kennysheep_another_room, minmay_mini_jars

Action                   || total
-------------------------++-------
Melee: Dagger            ||    73
       Bite              ||     3
       Hand axe          ||    17
Armor: Chain mail        ||    54
Dodge: Dodged            ||    28
Block: Buckler           ||    20

Table legend: (Time is in decaauts)
 A = Elapsed time spent in this place.
 B = Non-inter-level travel time spent in this place.
 C = Inter-level travel time spent in this place.
 D = Time resting spent in this place.
 E = Time spent auto-exploring this place.
 F = Levels seen in this place.
 G = Mean time per level.
                   A        B        C        D        E       F      G
               +--------+--------+--------+--------+--------+-----+--------+
         Total |   1661 |   1651 |     10 |    100 |   1137 |   2 |  830.5 |
       Dungeon |   1661 |   1651 |     10 |    100 |   1137 |   2 |  830.5 |
               +--------+--------+--------+--------+--------+-----+--------+

Top non-repeatable levels by time:
     D:1: 1185 daAuts
     D:2: 476 daAuts
